 Dungeon Crawl Stone Soup version 0.29.1-2-gbd0b4ee654 (webtiles) character file.

Game seed: 3192533300211228462

7814 xian the Cleaver (level 11, 0/95 HPs)
             Began as a Minotaur Gladiator on Nov 8, 2022.
             Was an Elder of Okawaru.
             Slain by a 12-headed hydra (3 damage)
             ... on level 10 of the Dungeon.
             The game lasted 00:26:29 (10362 turns).

xian the Cleaver (Minotaur Gladiator)              Turns: 10362, Time: 00:26:30

Health: 0/95       AC: 20    Str: 30    XL:     11   Next: 1%
Magic:  10/10      EV:  7    Int:  5    God:    Okawaru [****..]
Gold:   489        SH:  0    Dex: 11    Spells: 10/10 levels left

rFire   . . .      SeeInvis .   j - +0 war axe
rCold   . . .      Faith    .   (no shield)
rNeg    . . .      Spirit   .   t - +0 crystal plate armour
rPois   .          Reflect  .   c - +0 hat
rElec   .          Harm     .   Q - scarf {repulsion}
rCorr   .          Rampage  .   (no gloves)
Will    .....                   (no boots)
Stlth   ..........              (no amulet)
HPRegen 0.25/turn               (no ring)
MPRegen 0.12/turn               F - +6 ring of strength

@: mighty, repel missiles
A: horns 2, retaliatory headbutt
a: Renounce Religion, Heroism, Finesse


You were on level 10 of the Dungeon.
You worshipped Okawaru.
Okawaru was greatly pleased with you.
You visited 2 branches of the dungeon, and saw 12 of its levels.
You also visited: Ossuary.

You collected 675 gold pieces.
You spent 186 gold pieces at shops.

Inventory:

Hand Weapons
 j - a +0 war axe (weapon)
 o - a +2 short sword of holy wrath
 P - the +5 longbow of Morutt {flame, rElec Str+7 Dex+3}
   (You found it on level 7 of the Dungeon)

   Any ammunition fired from it burns those it strikes, dealing additional fire
   damage.
   Str:       It affects your strength (+7).
   Dex:       It affects your dexterity (+3).
   rElec:     It insulates you from electricity.
Missiles
 d - 3 throwing nets
 x - 17 poisoned darts (quivered)
 H - a curare-tipped dart
Armour
 c - a +0 hat (worn)
 h - a scarf of invisibility
 m - a scarf of shadows
 q - a +0 ring mail of cold resistance
 t - a +0 crystal plate armour (worn)
 E - a +1 cloak
 Q - a scarf of repulsion (worn)
Magical Staves
 K - a staff of cold
Jewellery
 F - a +6 ring of strength (right hand)
 N - an amulet of magic regeneration
Wands
 e - a wand of polymorph (7)
 G - a wand of paralysis (11)
Scrolls
 b - 2 scrolls of amnesia
 g - 2 scrolls of enchant armour
 k - 2 scrolls of blinking
 n - 3 scrolls of fear
 p - 2 scrolls of enchant weapon
 s - 4 scrolls of teleportation
 v - 2 scrolls of poison
 y - a scroll of vulnerability
 A - 2 scrolls of silence
 J - a scroll of fog
 M - a scroll of magic mapping
 O - a scroll of brand weapon
Potions
 a - 2 potions of cancellation {unknown}
 f - a potion of mutation {unknown}
 i - 2 potions of ambrosia {unknown}
 l - 8 potions of curing
 r - a potion of invisibility {unknown}
 u - 3 potions of might
 w - 3 potions of berserk rage {unknown}
 z - 2 potions of flight {unknown}
 B - a potion of brilliance
 C - 2 potions of heal wounds {unknown}
 D - a potion of magic
 I - 3 potions of attraction {unknown}
 L - 3 potions of lignification


   Skills:
 + Level 8.5 Fighting
 + Level 0.5 Short Blades
 + Level 14.0 Axes
 + Level 2.3 Ranged Weapons
 + Level 5.5 Throwing
 + Level 10.2 Armour
 + Level 3.8 Dodging
 + Level 0.1 Stealth


You had 10 spell levels left.
You didn't know any spells.
Your spell library contained the following spells:

 Spells                   Type           Power      Damage    Failure   Level
 Apportation              Tloc           0%         N/A       100%        1
 Beastly Appendage        Tmut           0%         N/A       100%        1
 Freeze                   Ice            0%         1d3       100%        1
 Necrotise                Necr           0%         1d4       100%        1
 Ensorcelled Hibernation  Hex/Ice        0%         N/A       100%        2
 Poisonous Vapours        Pois/Air       0%         N/A       100%        2
 Wereblood                Tmut           0%         N/A       100%        2
 Frozen Ramparts          Ice            0%         1d1       100%        3
 Gell's Gravitas          Tloc           0%         N/A       100%        3
 Ignite Poison            Fire/Tmut/Pois 0%         N/A       100%        3
 Lesser Beckoning         Tloc           0%         N/A       100%        3
 Mephitic Cloud           Conj/Pois/Air  0%         N/A       100%        3
 Spider Form              Tmut/Pois      0%         N/A       100%        3
 Teleport Other           Tloc           0%         N/A       100%        3
 Anguish                  Hex/Necr       0%         N/A       100%        4
 Corpse Rot               Necr/Pois/Air  0%         N/A       100%        4
 Hailstorm                Conj/Ice       0%         3d3       100%        4
 Olgreb's Toxic Radiance  Pois           0%         N/A       100%        4
 Freezing Cloud           Conj/Ice/Air   0%         6-21      100%        5
 Ozocubu's Refrigeration  Ice            0%         4d7       100%        7
 Ignition                 Fire           0%         3d3       100%        8
 Polar Vortex             Ice            0%         N/A       100%        9
 Summon Small Mammal      Summ           Unusable   N/A       N/A         1
 Simulacrum               Ice/Necr       Unusable   N/A       N/A         6

Dungeon Overview and Level Annotations

Branches:
Dungeon (11/15)            Temple (1/1) D:7            Lair (0/5) D:8
    Orc (0/2) D:9         Ossuary (visited)

Altars:
Ashenzari
Cheibriados
Dithmenos
Elyvilon
Fedhas
Gozag
Hepliaklqana
Kikubaaqudgha
Makhleb
Nemelex Xobeh
Okawaru
Qazlal
Ru
Sif Muna
Uskayaw
Vehumet
Wu Jian
Xom
Yredelemnul
Zin
The Shining One

Shops:
D:4 (   D:7 *   D:9 [

Annotations:
D:4 Great mace


Innate Abilities, Weirdness & Mutations

You have a pair of horns on your head.
You reflexively headbutt those who attack you in melee.


Message History

The ten-headed hydra bites you but does no damage. x2
The ten-headed hydra bites you! The ten-headed hydra barely misses you.
The ten-headed hydra bites you!
The ten-headed hydra bites you but does no damage. x2
The ten-headed hydra barely misses you. The ten-headed hydra bites you.
The ten-headed hydra bites you but does no damage.
There is a stone staircase leading down, spattered with blood here.
You feel very mighty all of a sudden. The ten-headed hydra bites you.
The ten-headed hydra bites you but does no damage. x2
The ten-headed hydra bites you!
The ten-headed hydra bites you but does no damage.
The ten-headed hydra bites you. x3
The ten-headed hydra bites you but does no damage. x2
You chop one of the ten-headed hydra's heads off!
The nine-headed hydra grows two more!
You slash the 11-headed hydra!
The 11-headed hydra is lightly wounded.
The 11-headed hydra bites you.
The 11-headed hydra bites you but does no damage. x3
The 11-headed hydra barely misses you. The 11-headed hydra bites you.
The 11-headed hydra bites you but does no damage. x2
The 11-headed hydra barely misses you.
The 11-headed hydra bites you but does no damage. x2
You slice one of the 11-headed hydra's heads off!
The ten-headed hydra grows two more!
You slash the 12-headed hydra!
The 12-headed hydra is lightly wounded.
The 12-headed hydra barely misses you. The 12-headed hydra bites you.
The 12-headed hydra bites you but does no damage.
The 12-headed hydra bites you.
* * * LOW HITPOINT WARNING * * *
The 12-headed hydra bites you but does no damage.
The 12-headed hydra bites you!
* * * LOW HITPOINT WARNING * * *
The 12-headed hydra barely misses you. The 12-headed hydra bites you!
* * * LOW HITPOINT WARNING * * *
The 12-headed hydra bites you but does no damage.
The 12-headed hydra bites you.
* * * LOW HITPOINT WARNING * * *
The 12-headed hydra bites you.
You die...

..#........ #.....#
..#........ #.....#
..#........ #.....#
..#.....<.. #.....#
..#........ #.....#
..####+######.....#
..................#
...............D..######
................@......#
.......................#
.......................#
###########.....[......#
........###....).....#
..........#.....[....#
..........'..........#
..........#..........##
........###...........#


You could see a 12-headed hydra.

Vanquished Creatures
  A two-headed ogre (D:8)
  Erica (D:9)
  2 trolls (D:9)
  Grinder (D:6)
  A hornet (D:7)
  A vampire (D:10)
  7 yaks
  Eustachio (D:6)
  A wyvern (D:9)
  A steam dragon (D:10)
  3 vampire mosquitoes (D:10)
  An orc warrior (D:10)
  3 ice beasts
  2 centaurs
  5 ogres
  A phantom (D:4)
  3 kobold brigands
  5 elf zombies (Ossuary)
  4 bullfrogs
  2 scorpions
  3 necrophages
  5 wights (D:8)
  4 killer bees (D:9)
  6 howler monkeys
  An electric eel (D:7)
  2 centaur zombies (Ossuary)
  5 human zombies (Ossuary)
  4 hounds
  3 jellies
  6 orc priests
  6 orc wizards
  Terence (D:2)
  3 iguanas
  3 mummies (Ossuary)
  3 gnolls (D:5)
  5 adders
  A white imp (D:6)
  5 dart slugs
  3 worms
  28 orcs
  5 endoplasms
  4 giant cockroaches
  3 goblins
  5 hobgoblins
  4 jackals
  4 quokkas
  8 ball pythons
  5 bats
  6 frilled lizards
  20 kobolds
  3 rats
210 creatures vanquished.

Vanquished Creatures (others)
  14 plants
14 creatures vanquished.

Grand Total: 224 creatures vanquished

Notes
Turn   | Place    | Note
-------+----------+-------------------------------------------
     0 | D:1      | xian the Minotaur Gladiator began the quest for the Orb.
     0 | D:1      | Reached XP level 1. HP: 18/18 MP: 0/0
   209 | D:1      | Reached XP level 2. HP: 24/25 MP: 1/1
   216 | D:1      | Reached skill level 4 in Axes
   984 | D:2      | Reached XP level 3. HP: 30/30 MP: 2/2
  1174 | D:2      | Noticed Terence
  1179 | D:2      | Killed Terence
  1207 | D:2      | Reached skill level 1 in Armour
  1489 | D:2      | Reached XP level 4. HP: 38/38 MP: 3/3
  1686 | D:3      | Found a faded altar of an unknown god.
  1916 | D:3      | Reached skill level 5 in Axes
  2388 | D:4      | Reached XP level 5. HP: 40/45 MP: 4/4
  2414 | D:4      | Found a sand-covered staircase.
  2471 | Ossuary  | Entered an ossuary
  2525 | Ossuary  | Reached skill level 6 in Axes
  2540 | Ossuary  | Reached XP level 6. HP: 47/51 MP: 5/5
  2555 | Ossuary  | Reached skill level 7 in Axes
  2624 | Ossuary  | Reached XP level 7. HP: 54/60 MP: 6/6
  2849 | Ossuary  | Reached skill level 8 in Axes
  2865 | Ossuary  | Reached skill level 5 in Fighting
  2956 | D:4      | Found Tulibbas's Weapon Shoppe.
  2984 | D:4      | Bought a throwing net for 30 gold pieces
  3703 | D:5      | Entered Level 5 of the Dungeon
  3717 | D:4      | Reached skill level 5 in Armour
  3757 | D:5      | Reached skill level 9 in Axes
  3757 | D:5      | Reached XP level 8. HP: 66/68 MP: 7/7
  4318 | D:5      | Found a basalt altar of Yredelemnul.
  4496 | D:5      | Reached skill level 10 in Axes
  4596 | D:6      | Noticed Eustachio
  4615 | D:6      | Killed Eustachio
  4967 | D:6      | Noticed Grinder
  4975 | D:6      | Killed Grinder
  4976 | D:6      | Reached XP level 9. HP: 72/78 MP: 8/8
  5298 | D:6      | Reached skill level 11 in Axes
  5644 | D:7      | Found Gozag's Platinum Reserve.
  5748 | D:7      | Found a staircase to the Ecumenical Temple.
  5764 | D:7      | Found an opulent altar of Gozag.
  5824 | Temple   | Entered the Ecumenical Temple
  5873 | Temple   | Became a worshipper of Warmaster Okawaru
  6002 | D:7      | Identified the +5 longbow of Morutt {flame, rElec Str+7
                  | Dex+3}
  6711 | D:8      | Found a staircase to the Lair.
  6784 | D:8      | Reached skill level 1 in Ranged Weapons
  7166 | D:8      | Reached * piety under Okawaru
  7167 | D:8      | Noticed a two-headed ogre
  7310 | D:8      | Reached skill level 12 in Axes
  7689 | D:8      | Killed a two-headed ogre
  7690 | D:8      | Reached XP level 10. HP: 85/86 MP: 9/9
  7844 | D:9      | Reached ** piety under Okawaru
  8293 | D:9      | Noticed Erica
  8302 | D:9      | Killed Erica
  8303 | D:9      | Reached skill level 13 in Axes
  8303 | D:9      | Reached skill level 5 in Throwing
  8350 | D:9      | Found a shimmering blue altar of Sif Muna.
  8383 | D:9      | Reached *** piety under Okawaru
  8416 | D:9      | Found a staircase to the Orcish Mines.
  8420 | D:9      | Found Xukeuj's Armour Boutique.
  8570 | D:9      | Found a sacrificial altar of Ru.
  9217 | D:9      | Bought a scarf of repulsion for 156 gold pieces
  9240 | D:10     | Entered Level 10 of the Dungeon
  9434 | D:10     | Reached skill level 10 in Armour
  9824 | D:10     | Reached **** piety under Okawaru
  9825 | D:10     | Reached skill level 14 in Axes
  9825 | D:10     | Reached XP level 11. HP: 72/95 MP: 10/10
 10004 | D:10     | Noticed an eight-headed hydra
 10362 | D:10     | HP: 3/95 [12-headed hydra (5)]
 10362 | D:10     | Slain by a 12-headed hydra

Illustrated notes

Levels and vault maps discovered:
D:1:      dpeg_arrival_castle, layout_basic, st_stairs_12,
          wander_ebering_terrifying_dragon_lair
D:2:      layout_basic, serial_forest, infiniplex_forest_corner_2,
          infiniplex_forest_clump_C, infiniplex_forest_clump_double,
          infiniplex_forest_lined_room_2, infiniplex_forest_zigzag_1,
          infiniplex_forest_end_1, uniq_terence
D:3:      layout_basic, ebering_ecumenical_altar_abandoned,
          hangedman_decor_push, kennysheep_generic_room_8
D:4:      layout_gridville, serial_shops, shop,
          nicolae_ossuary_entry_false_entrances
D:5:      layout_cave_pools, mainiacjoe_overflow_catwalk, grunt_ministairs_14
D:6:      layout_gridville, uniq_grinder, uniq_eustachio
D:7:      layout_loops_cross, nicolae_gozag_zags_fifth_avenue, temple_doors_e,
          serial_bayou_lagoon_a
D:8:      layout_rooms, lair_entry_dummy
D:9:      layout_loops_corners, mainiacjoe_overflow_alcove_4, lemuel_tele_altar,
          orc_david_3, uniq_erica
D:10:     minmay_octagon_keep, layout_irregular_city
D:11:     nicolae_BIG_FREAKIN_CUBE, layout_long_grid, gammafunk_ghost_split,
          nicolae_tso_carved_into_rock
Temple:   compressed_dpeg_circular_temple

Skill      XL: |  1  2  3  4  5  6  7  8  9 10 |
---------------+-------------------------------+-----
Axes           | 4 5 6 7 9 10 12 14 | 14.0
Fighting       | 3 4 5 6 7 8 |  8.5
Armour         | 1 2 3 5 6 9 10 | 10.2
Throwing       | 3 4 5 |  5.5
Ranged Weapons | 2 |  2.3
Short Blades   | |  0.5
Dodging        | |  3.8
Stealth        | |  0.1

Action                   |  1- 3 |  4- 6 |  7- 9 | 10-12 || total
-------------------------+-------+-------+-------+-------++-------
Melee: War axe           |    72 |    98 |   296 |   147 ||   613
       Headbutt          |     8 |    25 |    51 |    30 ||   114
       Punch             |       |     3 |     8 |       ||    11
       Short sword       |       |       |    18 |       ||    18
 Fire: Longbow           |       |       |    21 |       ||    21
Throw: Javelin           |     1 |       |       |       ||     1
       Throwing net      |     1 |       |       |       ||     1
       Dart              |       |     1 |    41 |    19 ||    61
  Use: Scroll            |       |     7 |     8 |     4 ||    19
       Potion            |       |       |     1 |     1 ||     2
Armor: Leather armour    |     9 |       |       |       ||     9
       Plate armour      |    18 |       |       |       ||    18
       Crystal plate arm |    11 |    76 |   220 |   127 ||   434
Dodge: Dodged            |    38 |    14 |    91 |    72 ||   215
